AoeStats
← Kanyaga

African Clearing

504371568Analyzed
4v4 RM · 28d ago on Sep 5, 2026· 80m 45s· 8 players
Game mode
Random Map
Map size
Large (8 player)
Population
200
Speed
Normal
Resources
Standard
Victory
Conquest
Starting age
Dark Age
Ending age
Imperial Age
RankedLock teamsTeams togetherTeam positionsShared explorationLock speedFull tech treeHidden civsTurbo modeCheats
Victory
Defeat
🇹🇷 Burgundians · Türkiye
1715
+13
🇹🇷 Koreans · Türkiye
1711
+13
🇹🇷 Japanese · Türkiye
1690
+14
🇹🇷 Mongols · Türkiye
1466
+24
🇧🇷 Cumans · Brazil
1689
-17
🇧🇷 Chinese · Brazil
1662
-17
🇧🇷 Mapuche · Brazil
1619
-15
🇧🇷 Berbers · Brazil
1618
-15
FNUL
4:08 Loom
6:56 Double-Bit Axe
12:35 Feudal Age
14:25 Bow Saw
16:01 Fletching
16:47 Horse Collar
23:01 Castle Age
22:29 Padded Archer Armor
25:01 Two-Man Saw
24:19 Gold Mining
25:02 Bodkin Arrow
26:10 Wheelbarrow
25:57 Crossbowman
32:08 Ballistics
37:09 Cavalier
37:49 Husbandry
37:55 Scale Barding Armor
38:01 Forging
39:59 Heavy Plow
41:47 Chain Barding Armor
44:47 Imperial Age
43:35 Crop Rotation
44:38 Burgundian Vineyards
45:44 Chain Barding Armor
46:00 Iron Casting
45:01 Paladin
48:09 Hand Cart
48:26 Paladin
49:24 Town Watch
50:21 Plate Barding Armor
55:21 Blast Furnace
67:33 Light Cavalry
69:19 Caravan
69:52 Hussar
81:54 Chemistry
Kanyaga
7:43 Loom
11:27 Feudal Age
15:39 Castle Age
14:31 Double-Bit Axe
17:07 Bow Saw
22:20 Wheelbarrow
23:12 Horse Collar
23:51 Stone Mining
27:04 Gold Mining
28:00 Hand Cart
30:21 Gold Shaft Mining
30:12 Bloodlines
30:04 Husbandry
29:55 Fletching
30:06 Padded Archer Armor
30:59 Thumb Ring
31:22 Bodkin Arrow
32:47 Leather Archer Armor
36:15 Imperial Age
35:47 Scale Barding Armor
36:18 Ballistics
36:10 Fortified Wall
35:57 Murder Holes
37:11 Bracer
38:12 Chemistry
38:14 Conscription
38:17 Elite Mangudai
39:24 Elite Steppe Lancer
40:27 Chain Barding Armor
40:17 Forging
39:46 Capped Ram
41:16 Town Watch
41:17 Siege Ram
43:30 Iron Casting
42:18 Light Cavalry
43:44 Parthian Tactics
44:07 Drill
43:48 Hussar
45:37 Blast Furnace
50:48 Stone Shaft Mining
61:17 Town Patrol
69:57 Caravan
Jrfear
8:21 Loom
11:16 Feudal Age
12:11 Double-Bit Axe
16:18 Forging
18:36 Scale Barding Armor
20:17 Bloodlines
26:41 Castle Age
25:40 Fletching
27:46 Bow Saw
27:40 Bodkin Arrow
28:05 Padded Archer Armor
27:59 Light Cavalry
29:49 Gold Mining
32:34 Ballistics
36:02 Husbandry
37:51 Horse Collar
41:06 Wheelbarrow
41:55 Town Watch
46:13 Imperial Age
44:23 Hand Cart
45:00 Thumb Ring
44:54 Elite Skirmisher
46:37 Leather Archer Armor
47:00 Yasama
47:30 Bracer
48:32 Chemistry
47:24 Guard Tower
48:53 Conscription
49:36 Two-Man Saw
48:36 Heavy Plow
49:26 Arrowslits
50:20 Ring Archer Armor
51:43 Heavy Cavalry Archer
52:49 Parthian Tactics
53:44 Man-at-Arms
54:10 Gambesons
54:25 Squires
54:11 Arson
54:28 Scale Mail Armor
55:03 Iron Casting
55:27 Gold Shaft Mining
54:42 Stone Mining
56:45 Coinage
56:39 Long Swordsman
57:36 Chain Mail Armor
58:21 Blast Furnace
56:43 Pikeman
58:06 Two-Handed Swordsman
60:08 Plate Mail Armor
59:38 Champion
60:52 Halberdier
65:35 Keep
76:42 Banking
76:15 Caravan
lalalalala
11:12 Loom
13:24 Feudal Age
12:00 Loom
17:28 Castle Age
15:34 Double-Bit Axe
15:40 Gold Mining
18:19 Bow Saw
20:54 Fletching
21:37 Bodkin Arrow
24:39 Ballistics
30:13 Husbandry
32:19 Wheelbarrow
32:23 Horse Collar
40:09 Imperial Age
39:59 Elite Skirmisher
41:52 Two-Man Saw
40:55 Heavy Plow
41:15 Hand Cart
42:14 Chemistry
41:41 Bracer
45:39 Stone Mining
46:25 Gold Shaft Mining
46:39 Conscription
45:59 Heavy Rocket Cart
48:21 Siege Engineers
48:32 Treadmill Crane
49:03 Masonry
49:30 Coinage
52:17 Architecture
51:43 Arrowslits
53:21 Pikeman
54:02 Squires
54:50 Murder Holes
54:41 Arrowslits
56:32 Thumb Ring
57:22 Scale Mail Armor
57:33 Forging
59:12 Eupseong
67:54 Caravan
Fs.Nx Imperial
5:04 Loom
12:11 Feudal Age
12:42 Double-Bit Axe
18:58 Forging
20:25 Scale Barding Armor
21:54 Bloodlines
26:58 Castle Age
25:38 Horse Collar
27:05 Gold Mining
29:18 Chain Barding Armor
33:37 Husbandry
35:42 Fletching
35:52 Padded Archer Armor
38:20 Bodkin Arrow
41:00 Ballistics
41:37 Wheelbarrow
42:37 Gold Shaft Mining
43:15 Bow Saw
46:42 Imperial Age
45:15 Heavy Plow
44:40 Light Cavalry
47:43 Bracer
48:46 Chemistry
48:44 Plate Barding Armor
49:01 Iron Casting
48:17 Elite Camel Archer
49:30 Leather Archer Armor
51:34 Conscription
52:53 Blast Furnace
53:35 Ring Archer Armor
53:33 Heavy Camel Rider
57:59 Masonry
61:49 Squires
61:38 Pikeman
62:27 Scale Mail Armor
66:12 Chain Mail Armor
72:05 Hussar
78:13 Crop Rotation
Fs.Neras
5:45 Loom
12:46 Feudal Age
16:32 Castle Age
14:34 Double-Bit Axe
16:04 Horse Collar
16:43 Fletching
23:22 Bodkin Arrow
25:01 Padded Archer Armor
27:07 Heavy Plow
30:21 Ballistics
36:51 Imperial Age
34:50 Leather Archer Armor
35:08 Malon
37:05 Gold Mining
37:52 Wheelbarrow
37:30 Bow Saw
36:55 Elite Bolas Rider
38:29 Butalmapu
41:53 Chemistry
41:29 Ring Archer Armor
46:10 Champi Runner
46:36 Arson
46:52 Scale Mail Armor
47:02 Forging
47:27 Champi Warrior
48:28 Chain Mail Armor
49:47 Iron Casting
49:15 Elite Champi Warrior
50:49 Plate Mail Armor
61:29 Gold Shaft Mining
62:40 Caravan
63:11 Coinage
63:20 Elite Genitour
74:46 Blast Furnace
Fs.Diablo
7:18 Loom
12:53 Feudal Age
13:33 Double-Bit Axe
13:29 Horse Collar
22:48 Wheelbarrow
27:16 Castle Age
25:23 Gold Mining
25:41 Scale Barding Armor
25:47 Forging
27:14 Bloodlines
28:31 Chain Barding Armor
28:22 Bow Saw
29:55 Gold Shaft Mining
31:37 Iron Casting
30:23 Light Cavalry
31:30 Hand Cart
41:49 Imperial Age
40:09 Elite Skirmisher
40:55 Thumb Ring
40:57 Fletching
41:08 Padded Archer Armor
42:45 Bodkin Arrow
43:35 Leather Archer Armor
44:58 Chemistry
44:24 Ballistics
45:56 Two-Man Saw
44:57 Heavy Plow
45:29 Ring Archer Armor
44:56 Pikeman
45:36 Squires
45:38 Scale Mail Armor
45:36 Halberdier
47:23 Stone Mining
48:05 Crop Rotation
47:53 Chain Mail Armor
48:38 Blast Furnace
48:52 Conscription
49:04 Plate Mail Armor
50:27 Arson
51:19 Plate Barding Armor
50:45 Capped Ram
51:29 Hussar
51:30 Cavalier
53:05 Siege Ram
53:20 Elite Genitour
53:53 Paladin
61:28 Town Watch
63:57 Coinage
63:27 Caravan
Fs.Nicolau Mendes
3:10 Loom
13:15 Feudal Age
17:25 Castle Age
16:09 Double-Bit Axe
18:24 Bow Saw
22:38 Fletching
25:16 Bodkin Arrow
29:37 Ballistics
32:22 Wheelbarrow
31:35 Town Watch
32:10 Elite Skirmisher
33:18 Thumb Ring
34:43 Hand Cart
34:44 Horse Collar
38:39 Imperial Age
36:34 Padded Archer Armor
36:38 Crossbowman
37:59 Leather Archer Armor
40:28 Chemistry
39:29 Bracer
40:00 Ring Archer Armor
39:19 Elite Genitour
40:20 Bloodlines
40:12 Husbandry
41:35 Conscription
44:51 Scale Mail Armor
45:02 Forging
46:41 Chain Mail Armor
47:01 Iron Casting
46:09 Elite Fire Lancer
47:55 Squires
48:26 Plate Mail Armor
54:34 Blast Furnace
55:48 Elite Chu Ko Nu
60:48 Town Patrol
61:41 Capped Ram
64:49 Caravan
66:43 Heavy Plow
66:37 Light Cavalry
67:26 Scale Barding Armor
69:34 Siege Ram
71:08 Chain Barding Armor
72:53 Plate Barding Armor
76:43 Pikeman
Connection lost

Rejoining the realm…

Still unreachable

The connection could not be restored.

Session expired

The server has moved on; the page needs a fresh start.